 Dungeon Crawl Stone Soup version 0.19-a0-1223-gf83d13a (webtiles) character file.

143553 Charly the Unseen (level 16, 36/79 HPs)
             Began as a Spriggan Abyssal Knight on Aug 24, 2016.
             Was a High Priest of Lugonu.
             Quit the game on level 1 of the Shoals.
             The game lasted 05:11:40 (23810 turns).

Charly the Unseen (Spriggan Abyssal Knight)        Turns: 23810, Time: 05:11:40

Health: 36/79      AC: 24    Str:  5    XL:     16   Next: 53%
Magic:  29/31      EV: 23    Int: 23    God:    Lugonu [*****.]
Gold:   336        SH:  9    Dex: 15    Spells: 6 memorised, 16 levels left

rFire  . . .     SeeInvis +     a - +1 dagger (elec)
rCold  . . .     Gourm    .     B - +3 troll leather armour
rNeg   . . .     Faith    .     P - +2 buckler {AC+3}
rPois  +         Spirit   .     t - +3 crown of Dyrovepreva {rElec Int+2 SInv}
rElec  +         Dismiss  .     O - +2 cloak {+Inv}
rCorr  .         Reflect  .     (gloves unavailable)
MR     ++...     Harm     .     (boots unavailable)
Stlth  ++++++++..               v - amulet of Honolis {+Inv rElec rPois Regen+ Str-3}
                                D - ring of Robustness {AC+8}
                                Z - +6 ring of intelligence

@: manticore barbs, very slightly contaminated, very quick
A: unfitting armour, see invisible, clumsy 2, dopey 1, herbivore 3, speed 3,
slow metabolism 2
a: Depart the Abyss, Bend Space, Banish, Corrupt, Enter the Abyss, Renounce
Religion, Evoke Invisibility
}: 1/15 runes: gossamer


You were on level 1 of the Shoals.
You worshipped Lugonu.
Lugonu was extremely pleased with you.
You were not hungry.

You visited 5 branches of the dungeon, and saw 29 of its levels.
You visited the Abyss 1 time.
You also visited: Trove, Sewer and Ice Cave.

You collected 2272 gold pieces.
You spent 1936 gold pieces at shops.

Inventory:

Hand Weapons
 a - a +1 dagger of electrocution (weapon)
Armour
 t - the +3 crown of Dyrovepreva (worn) {rElec Int+2 SInv}
   (You found it in a treasure trove)

   It affects your intelligence (+2).
   It insulates you from electricity.
   It lets you see invisible.
 B - a +3 troll leather armour (worn)
 O - a +2 cloak of invisibility (worn)
 P - a +2 buckler of protection (worn)
 Q - a +2 cloak of poison resistance
 U - a +0 cloak of magic resistance
 W - a +0 buckler of cold resistance
Magical Staves
 N - an uncursed staff of energy
Jewellery
 c - an uncursed ring of ice
 f - an uncursed ring of protection from fire
 m - an uncursed ring of protection from magic
 v - the amulet of Honolis (around neck) {+Inv rElec rPois Regen+ Str-3}
   (You bought it in a shop on level 2 of the Orcish Mines)

   [amulet of regeneration]

   It affects your strength (-3).
   It insulates you from electricity.
   It protects you from poison.
   It lets you turn invisible.
   It increases your rate of regeneration.
 C - an uncursed ring of resist corrosion
 D - the ring of Robustness (right hand) {AC+8}
   (You found it on level 5 of the Dungeon)

   [ring of protection]

   It affects your AC (+8).
 S - an uncursed amulet of guardian spirit
 Z - a +6 ring of intelligence (left hand)
Wands
 p - a wand of teleportation (2/9)
 q - a wand of disintegration (11/24)
 T - a wand of enslavement (14/24)
 X - a wand of iceblast (8/15)
Scrolls
 d - 2 scrolls of brand weapon
 e - 8 scrolls of immolation
 g - 5 scrolls of recharging
 j - 2 scrolls of fear
 l - 8 scrolls of remove curse
 o - 2 scrolls of teleportation
 s - a scroll of identify
 y - 6 scrolls of magic mapping
 E - 4 scrolls of enchant weapon
 I - 4 scrolls of amnesia
 K - a scroll of blinking
 R - 2 scrolls of vulnerability
Potions
 h - 4 potions of agility
 n - 4 potions of haste
 r - 3 potions of resistance
 w - 3 potions of heal wounds
 x - 3 potions of brilliance
 z - 2 potions of flight
 A - 5 potions of might
 G - 4 potions of ambrosia
 H - 4 potions of cancellation
 M - 7 potions of curing
 Y - 2 potions of magic
Books
 k - a book of Necromancy

   Spells                             Type                      Level
   a - Pain                           Necromancy                   1
   b - Animate Skeleton               Necromancy                   1
   c - Vampiric Draining              Necromancy                   3
   d - Regeneration                   Charms/Necromancy            3
   e - Animate Dead                   Necromancy                   4
   f - Control Undead                 Necromancy                   4
Comestibles
 i - 3 bread rations


   Skills:
 + Level 6.4 Fighting
 + Level 4.8 Short Blades
 + Level 10.6 Dodging
 + Level 19.8 Stealth
 + Level 5.1 Shields
 - Level 10.5 Spellcasting
 - Level 2.7 Conjurations
 - Level 2.6 Hexes
 - Level 7.0 Charms
 - Level 3.9 Necromancy
   Level 10.0 Transmutations
 - Level 3.5 Air Magic
 - Level 7.3 Poison Magic
 + Level 14.1 Invocations
 - Level 13.3 Evocations


You had 16 spell levels left.
You knew the following spells:

 Your Spells              Type           Power        Failure   Level  Hunger
a - Apportation           Tloc           ##........   12%         1    None
g - Shroud of Golubria    Chrm/Tloc      ####......   4%          2    None
m - Mephitic Cloud        Conj/Pois/Air  ####....     6%          3    None
r - Regeneration          Chrm/Necr      #####.....   3%          3    None
w - Spectral Weapon       Hex/Chrm       ####....     6%          3    None
C - Controlled Blink      Tloc           N/A          100%        8    #######


Dungeon Overview and Level Annotations

Branches:
Dungeon (15/15)            Temple (0/1) D:5            Lair (6/6) D:9
 Shoals (2/4) Lair:3       Spider (4/4) Lair:2        Slime (0/5) Lair:6
    Orc (2/2) D:9             Elf (0/3) Orc:2        Vaults (0/5) D:14
 Depths (0/5) D:15

Altars:
Cheibriados
Dithmenos
Fedhas
Gozag
Okawaru
Ru
Xom
Yredelemnul
Zin
The Shining One
Beogh
Jiyva

Shops:
D:7 =   D:9 [   Orc:2 =:::

Annotations:
D:1 exclusion: downstairs
D:2 Jessica
D:5 exclusion: downstairs
D:7 exclusion: 2 downstairs
D:8 exclusion: 2 downstairs
D:9 exclusion: downstairs
D:10 exclusion: ice statue
D:11 exclusion: 2 downstairs
D:12 Dirtsage's ghost, journeyman DsMo
D:14 exclusion: downstairs
Lair:2 exclusion: 2 downstairs
Lair:4 exclusion: downstairs
Lair:5 exclusion: downstairs, Rupert
Spider:1 Kirke; Nikola
Spider:2 exclusion: Roxanne, Roxanne
Spider:3 exclusion: downstairs
Orc:1 Gastronok
Orc:2 Josephine


Innate Abilities, Weirdness & Mutations

You are tiny and cannot use many weapons and most armour.
You have supernaturally acute eyesight. (SInv)
You are a herbivore.
You cover ground extremely quickly.
You need consume almost no food.
You are very clumsy. (Dex -4)
You are dopey. (Int -2)


Message History

You barely miss the water elemental.
The water elemental is moderately damaged.
Your lungs strain for air!
Your spectral weapon hits the water elemental but does no damage.
The water elemental closely misses you.
Unknown command.
With effort, you pull free of the water engulfing you.
You gasp with relief as air once again reaches your lungs.
The snapping turtle misses your spectral weapon.
The water elemental hits your spectral weapon!!
Your spectral weapon shares its damage with you!
Your spectral weapon fades away.
You enter the shallow water.
Moving in this stuff is going to be slow.
The manticore flicks its tail.
The volley of spikes hits you!
The barbed spikes become lodged in your body.
The barbs in your skin will harm you if you move.
Continue?
Okay, then.
Are you sure you want to abandon this character and quit the game? (Confirm with "yes".)

H≈≈≈≈≈≈≈≈.....#.≈≈≈≈≈≈≈≈≈≈≈..
≈≈≈≈≈≈≈≈.P....#..≈≈≈≈≈≈≈≈≈≈≈...
≈≈≈≈≈≈≈≈....).#..≈≈.≈≈≈≈≈P≈....
≈≈≈≈≈≈≈≈...P.....≈≈PPP≈≈≈≈≈≈≈..
≈≈≈≈≈≈≈≈P.....P..P≈P≈PP≈≈P≈≈≈..
≈≈≈≈.#P....HPPP.PPP≈≈≈≈≈≈P
≈≈≈..P...P.≈≈P.P≈≈P≈PP≈.P
≈≈>......P.≈PPE.P≈.....P.
≈≈≈...P...@P.t##...####
≈≈.....≈..###.E...# ≈.....P≈.##
#..≈..# ≈.....≈P.. #..≈≈.#
.......P.≈.....≈≈≈..#
.###..≈≈P...≈≈≈≈≈.#
..≈≈≈P≈P≈≈≈≈≈≈.#
...≈≈≈≈≈≈≈≈≈≈≈≈!..
≈≈≈≈≈P≈≈≈≈≈≈≈≈.


You could see a snapping turtle, a manticore and 2 water elementals.

Vanquished Creatures
  4 ghost moths
  4 emperor scorpions
  2 entropy weavers
  A fire dragon (D:15)
  An ogre mage (D:15)
  An ice dragon (D:15)
  5 hydras
  3 catoblepae (Lair:6)
  3 centaur warriors
  A merfolk avatar (Shoals:1)
  14 death yaks (Lair:6)
  6 orc high priests (Orc:2)
  Sonja (D:11)
  3 skeletal warriors
  3 sea snakes (Shoals:1)
  3 unseen horrors
  2 wizards (D:10)
  3 hill giants
  Pikel (D:9)
  A deep elf mage (D:13)
  14 orb spiders
  2 orc knights (D:10)
  A griffon (Shoals:1)
  6 ugly things
  23 wolf spiders
  2 moths of wrath
  3 cyclopes
  2 manticores
  A hornet (Spider:1)
  12 elephants
  An orc sorcerer (Orc:1)
  Maurice (D:11)
  Joseph (D:10)
  2 sirens (Shoals:1)
  4 black mambas
  A torpor snail (Spider:2)
  10 spiny frogs
  7 komodo dragons
  3 rime drakes
  5 yaktaurs (D:15)
  3 demonic crawlers
  20 jumping spiders
  3 polar bears (D:13)
  4 two-headed ogres
  2 wind drakes (Shoals:1)
  7 trolls
  A snapping turtle (Shoals:1)
  A troll (shapeshifter) (D:14)
  6 merfolk
  Prince Ribbit (Lair:3)
  22 blink frogs
  73 redbacks
  4 spriggans
  35 tarantellas
  A water elemental (Shoals:1)
  A wyvern (D:15)
  5 basilisks
  3 hogs (Spider:1)
  3 wraiths
  7 yaks
  A hungry ghost (D:14)
  7 hippogriffs
  4 wargs (Orc:2)
  6 water moccasins
  7 porcupines
  8 ice beasts
  9 orc warriors
  3 wasps
  4 sky beasts
  3 black bears
  2 eyes of draining
  3 slaves (D:9)
  13 wolves
  8 ogres
  7 centaurs
  7 crocodiles
  2 big kobolds
  13 giant frogs
  4 scorpions (D:4)
  3 wights (D:15)
  5 electric eels
  3 howler monkeys
  2 crimson imps
  4 centaur zombies
  2 giant frog zombies (D:5)
  37 orc priests
  Crazy Yiuf (D:2)
  3 giant frog skeletons
  5 hounds
  5 centaur skeletons
  A gnoll shaman (Orc:1)
  A jelly (Lair:6)
  12 worker ants
  7 iguanas
  13 orc wizards
  12 sheep
  A hound zombie (D:7)
  A worker ant zombie (D:7)
  7 gnolls
  A howler monkey skeleton (D:7)
  25 adders
  35 river rats
  3 shadow imps
  3 white imps (D:13)
  An ufetubus (D:13)
  4 oozes
  An adder skeleton (D:4)
  2 worms
  A dart slug (D:3)
  5 giant geckos
  69 orcs
  7 giant cockroaches
  17 goblins
  9 hobgoblins
  10 jackals
  16 kobolds
  6 quokkas
  5 ball pythons
  21 bats
  5 giant newts
  A quokka skeleton (D:4)
  15 rats
  A fungus (Lair:2)
  3 spectral weapons
867 creatures vanquished.

Vanquished Creatures (collateral kills)
  An orb spider (Spider:4)
  11 redbacks
  A tarantella (Spider:4)
  An orc (Orc:2)
14 creatures vanquished.

Vanquished Creatures (others)
  The ghost of eragonby the Tortoise, a journeyman MiFi of Okawaru (Spider:1)
  3 emperor scorpions
  The ghost of George the Fencer, a journeyman MiFi of Makhleb (Orc:2)
  An entropy weaver (Spider:2)
  An unseen horror (D:12)
  A hill giant (D:10)
  A manticore (Shoals:1)
  A black mamba (Lair:3)
  A gargoyle (D:15)
  A demonic crawler (Spider:3)
  An efreet (D:15)
  A wraith (D:12)
  A hungry ghost (D:8)
  A warg (Orc:2)
  2 hell hounds (D:9)
  4 ogres (D:4)
  2 centaurs (D:12)
  A scorpion (D:4)
  2 wights (D:8)
  A quasit (D:9)
  An orc priest (D:4)
  An orc wizard (D:4)
  A worker ant (D:4)
  A gnoll (D:4)
  An orc (D:4)
  A giant newt (D:4)
  A fire vortex (Lair:4)
  14 fungi
  11 plants
  20 spectral weapons
80 creatures vanquished.

Grand Total: 961 creatures vanquished

Notes
Turn   | Place    | Note
-------+----------+-------------------------------------------
     0 | Abyss:1  | Charly the Spriggan Abyssal Knight began the quest for the Orb.
     0 | Abyss:1  | Reached XP level 1. HP: 11/11 MP: 3/3
    51 | Abyss:2  | Noticed a wretched star
    71 | Abyss:2  | Noticed a large abomination
    79 | D:1      | Escaped the Abyss
   210 | D:1      | Charly: @? hobgoblin
   210 | D:1      | beem: hobgoblin (g)
                  | Spd:
    10 | HD: 1    | HP: 4-7
                  | AC/EV: 2/10
                  | Dam: 5
                  | weapons, items, doors
                  | XP:
     2 | Sz: Medium | Int: human.
   338 | D:1      | Reached skill level 1 in Stealth
   431 | D:1      | Reached XP level 2. HP: 15/16 MP: 4/4
   480 | D:1      | Reached skill level 2 in Stealth
   718 | D:1      | Reached skill level 3 in Stealth
   785 | D:1      | Charly: ??stab
   785 | D:1      | beem: stabbing[1/5]: A stab with a short blade does increased damage: (dam+bonus)*mult, where bonus depends on your dex as well as your stealth and weapon skills and is capped at 30, and mult depends on your stealth/weapon skills and the type of stab (sleep/paralysis is best). Non-short blades don't get a bonus and have lower mult. Daggers get bonus doubled (but still capped at 30).
   859 | D:2      | Found an iron altar of Okawaru.
  1030 | D:2      | Reached XP level 3. HP: 9/19 MP: 5/5
  1042 | D:2      | Reached ** piety under Lugonu
  1261 | D:2      | Reached skill level 4 in Stealth
  1391 | D:2      | Noticed Jessica
  1409 | D:2      | Found a runed door.
  1413 | D:2      | Noticed Crazy Yiuf
  1445 | D:2      | Learned a level 1 spell: Sting
  1450 | D:2      | Killed Crazy Yiuf
  1450 | D:2      | Reached skill level 5 in Stealth
  1450 | D:2      | Reached XP level 4. HP: 23/23 MP: 3/7
  1471 | D:2      | Found a blossoming altar of Fedhas.
  1768 | D:3      | Reached skill level 6 in Stealth
  1768 | D:3      | Reached XP level 5. HP: 27/27 MP: 3/8
  2005 | D:3      | Learned a level 3 spell: Mephitic Cloud
  2719 | D:3      | Reached skill level 1 in Spellcasting
  2802 | D:4      | Found a shimmering altar of Xom.
  2810 | D:4      | Noticed an ogre
  2820 | D:4      | Killed an ogre
  2924 | D:4      | Noticed an ogre
  3013 | D:5      | Entered Level 5 of the Dungeon
  3017 | D:5      | Found a staircase to the Ecumenical Temple.
  3150 | D:4      | Found an opulent altar of Gozag.
  3216 | D:4      | Reached skill level 1 in Poison Magic
  3314 | D:6      | Noticed a hill giant
  3383 | D:5      | Found a glowing drain.
  3387 | Sewer    | Entered a sewer
  3412 | Sewer    | Reached *** piety under Lugonu
  3487 | Sewer    | Reached skill level 1 in Air Magic
  3642 | Sewer    | Reached skill level 1 in Conjurations
  3642 | Sewer    | Reached XP level 6. HP: 32/32 MP: 9/9
  4153 | D:5      | Noticed an ice beast
  4154 | D:5      | Found a glowing silver altar of Zin.
  4275 | D:5      | Noticed an orc warrior
  4410 | D:4      | Reached **** piety under Lugonu
  4515 | D:5      | Killed an orc warrior
  4515 | D:5      | Reached XP level 7. HP: 35/35 MP: 3/12
  5219 | D:6      | Reached XP level 8. HP: 39/39 MP: 4/15
  5590 | D:6      | Reached skill level 7 in Stealth
  5816 | D:7      | Reached skill level 8 in Stealth
  5869 | D:7      | Found Keno's Jewellery Boutique.
  6198 | D:4      | Reached skill level 5 in Invocations
  6288 | D:4      | Reached skill level 9 in Stealth
  6444 | D:4      | Reached XP level 9. HP: 43/43 MP: 5/16
  6722 | D:7      | Found a glowing golden altar of the Shining One.
  6737 | D:7      | Found a snail-covered altar of Cheibriados.
  6801 | D:7      | Reached skill level 10 in Stealth
  6846 | D:7      | Found a basalt altar of Yredelemnul.
  7411 | D:9      | Reached skill level 11 in Stealth
  7426 | D:9      | Noticed Pikel
  7505 | D:8      | Found a sacrificial altar of Ru.
  7840 | D:9      | Reached skill level 12 in Stealth
  7938 | D:9      | Killed Pikel
  7988 | D:9      | Found a staircase to the Orcish Mines.
  7997 | Orc:1    | Entered Level 1 of the Orcish Mines
  7997 | Orc:1    | Noticed an orc sorcerer
  8012 | Orc:1    | Noticed a troll
  8040 | D:9      | Reached XP level 10. HP: 40/47 MP: 17/17
  8060 | D:9      | Reached skill level 13 in Stealth
  8086 | D:10     | Entered Level 10 of the Dungeon
  8086 | D:10     | Noticed a wizard
  8086 | D:10     | Noticed a wizard
  8086 | D:10     | Noticed Joseph
  8086 | D:10     | Noticed an enchanted great sword
  8086 | D:10     | Noticed an orc knight
  8086 | D:10     | Noticed an orc knight
  8115 | D:9      | Found Akli's Antique Armour Shop.
  8130 | D:9      | Bought a runed cloak for 112 gold pieces
  8210 | D:9      | Found a staircase to the Lair.
  8219 | Lair:1   | Entered Level 1 of the Lair of Beasts
  8251 | D:10     | Killed a wizard
  8254 | D:10     | Killed a wizard
  8256 | D:10     | Killed an orc knight
  8257 | D:10     | Killed an orc knight
  8261 | D:10     | Killed Joseph
  8294 | D:10     | Noticed an ice statue
  8328 | D:10     | Noticed a hill giant
  8348 | D:10     | Banished a hill giant
  8348 | D:10     | Reached skill level 10 in Evocations
  8653 | D:11     | Noticed a hill giant
  8661 | D:11     | Killed a hill giant
  8661 | D:11     | Reached XP level 11. HP: 51/51 MP: 16/19
  8681 | D:11     | Noticed Sonja
  8689 | D:11     | Killed Sonja
  8714 | D:11     | Learned a level 3 spell: Regeneration
  8718 | D:11     | Learned a level 3 spell: Spectral Weapon
  8721 | D:11     | Learned a level 2 spell: Shroud of Golubria
  8755 | D:12     | Reached skill level 14 in Stealth
  8830 | D:13     | Noticed a deep elf mage
  8834 | D:13     | Killed a deep elf mage
  9056 | D:13     | Noticed a hill giant
  9183 | D:13     | Noticed a brown ugly thing
  9234 | D:13     | Killed a brown ugly thing
  9248 | D:13     | Gained mutation: Your spells are a little harder to cast, but a little more powerful. [mutagenic glow]
  9367 | D:13     | Found a frozen archway.
  9376 | IceCv    | Entered an ice cave
  9376 | IceCv    | Noticed a white ugly thing
  9377 | IceCv    | eragonby: -_-
  9382 | IceCv    | Killed a white ugly thing
  9391 | IceCv    | Reached skill level 15 in Stealth
  9415 | IceCv    | Identified the Papyrus of the Mountains and Flight
  9561 | D:13     | Reached skill level 5 in Spellcasting
  9561 | D:13     | Reached skill level 1 in Charms
  9561 | D:13     | Reached skill level 1 in Necromancy
  9757 | D:12     | Noticed an unseen horror
  9758 | D:12     | Noticed a hill giant
  9786 | D:12     | Gained mutation: You are clumsy. (Dex -2) [mutagenic glow]
 10099 | D:12     | Noticed Dirtsage's ghost (journeyman DsMo)
 10131 | D:12     | Noticed a hill giant
 10150 | D:11     | Noticed Maurice
 10162 | D:11     | Killed Maurice
 10290 | D:12     | Reached ***** piety under Lugonu
 10357 | D:12     | Noticed a white ugly thing
 10371 | D:12     | Killed a white ugly thing
 10371 | D:12     | Reached skill level 5 in Charms
 10428 | D:12     | Noticed a hill giant
 10434 | D:12     | Noticed an unseen horror
 10435 | D:12     | Killed a hill giant
 10443 | D:12     | Banished an unseen horror
 10443 | D:12     | Reached XP level 12. HP: 56/56 MP: 19/23
 10497 | D:12     | Found a portal to a secret trove of treasure.
 10506 | Trove    | Entered a treasure trove
 10514 | Trove    | jacquesderrida: TROVER
 10514 | Trove    | Charly: omagad
 10514 | Trove    | Charly: hi
 10514 | Trove    | jacquesderrida: hi
 10518 | Trove    | Got a bloodstained cloak
 10526 | Trove    | Got a colourful robe
 10528 | Trove    | Got a slimy cloak
 10530 | Trove    | Got a sheer robe
 10556 | Trove    | Identified the +2 robe "Atiroasi" {*Contam rF+++ MR- Str+4} (You found it in a treasure trove)
 10556 | Trove    | jacquesderrida: Reeee
 10566 | Trove    | Identified the +1 robe of Paranoia {Int+3} (You found it in a treasure trove)
 10591 | Trove    | jacquesderrida: CLOKE
 10596 | Trove    | Lost mutation: Your spells are a little harder to cast, but a little more powerful. [mutagenic glow]
 10631 | Trove    | Identified the +2 cloak "Nunet" {Dex+2 SInv} (You found it in a treasure trove)
 10641 | Trove    | Identified the +0 cloak of the Untouchables {Int+4} (You found it in a treasure trove)
 10836 | D:14     | Found a shadowy altar of Dithmenos.
 10842 | D:14     | Noticed a centaur warrior
 10848 | D:14     | Killed a centaur warrior
 10848 | D:14     | Reached skill level 1 in Hexes
 10916 | D:14     | Found a gate to the Vaults.
 10916 | D:14     | Noticed a vault guard
 10916 | D:14     | Noticed a vault guard
 10916 | D:14     | Noticed a vault guard
 10946 | D:15     | Entered Level 15 of the Dungeon
 10946 | D:15     | Found a blossoming altar of Fedhas.
 10946 | D:15     | Noticed an ogre mage
 11220 | D:7      | Bought an uncursed amulet of guardian spirit for 360 gold pieces
 11549 | Lair:2   | Found a hole to the Spider Nest.
 11602 | Lair:1   | Noticed a six-headed hydra
 11650 | Lair:1   | Killed a six-headed hydra
 11908 | Lair:2   | Reached * piety under Lugonu
 11949 | Lair:2   | Reached skill level 10 in Invocations
 12147 | Lair:2   | Reached skill level 16 in Stealth
 12524 | Lair:3   | Noticed Prince Ribbit
 12561 | Lair:3   | Killed Prince Ribbit
 12917 | Lair:3   | Reached XP level 13. HP: 52/59 MP: 12/25
 13036 | Lair:3   | Reached skill level 17 in Stealth
 13282 | Lair:3   | Found a staircase to the Shoals.
 13638 | Lair:5   | Noticed Rupert
 13912 | Lair:4   | Learned a level 5 spell: Alistair's Intoxication
 14128 | Lair:5   | Reached skill level 18 in Stealth
 14258 | Lair:6   | Entered Level 6 of the Lair of Beasts
 14888 | Lair:6   | Found a runed door.
 14888 | Lair:6   | Found a viscous altar of Jiyva.
 14888 | Lair:6   | Found a staircase to the Slime Pits.
 14947 | Lair:6   | Reached skill level 19 in Stealth
 15240 | Lair:6   | 20/18/7
 15314 | Lair:6   | Reached XP level 14. HP: 63/63 MP: 19/26
 15329 | Lair:6   | Reached skill level 1 in Shields
 15502 | Lair:6   | Reached skill level 5 in Dodging
 17283 | D:15     | Found a staircase to the Depths.
 17415 | D:15     | Gained mutation: Armour fits poorly on your strangely shaped body. [mutagenic glow]
 17495 | D:15     | Reached skill level 5 in Fighting
 17800 | Orc:1    | Noticed Gastronok
 17812 | Orc:2    | Entered Level 2 of the Orcish Mines
 17930 | Orc:2    | Noticed George's ghost (journeyman MiFi)
 17975 | Orc:2    | Banished George's ghost
 18293 | Orc:2    | Found Wudghu's Book Shop.
 18293 | Orc:2    | Found Uneov's Jewellery Emporium.
 18346 | Orc:2    | Noticed Josephine
 18512 | Orc:2    | Found a staircase to the Elven Halls.
 18537 | Orc:2    | Reached XP level 15. HP: 58/72 MP: 3/27
 18659 | Orc:2    | Found a roughly hewn altar of Beogh.
 18739 | Orc:2    | Found Homaofapn's Book Shop.
 18739 | Orc:2    | Found Mihuethre's Book Emporium.
 18766 | Orc:2    | Bought the Volume of Displaced Heat for 780 gold pieces
 18810 | Orc:2    | Bought the amulet of Honolis {+Inv rElec rPois Regen+ Str-3} for 684 gold pieces
 18981 | Spider:1 | Entered Level 1 of the Spider Nest
 18991 | Spider:1 | Reached skill level 1 in Transmutations
 19088 | Spider:1 | Noticed eragonby's ghost (journeyman MiFi)
 19127 | Spider:1 | Banished eragonby's ghost
 19224 | Spider:1 | Gained mutation: Your body sometimes deteriorates upon taking damage. [potion of mutation]
 19224 | Spider:1 | Gained mutation: You tend to lose your temper in combat. [potion of mutation]
 19224 | Spider:1 | Gained mutation: You are dopey. (Int -2) [potion of mutation]
 19225 | Spider:1 | Lost mutation: You tend to lose your temper in combat. [potion of cure mutation]
 19225 | Spider:1 | Lost mutation: Armour fits poorly on your strangely shaped body. [potion of cure mutation]
 19225 | Spider:1 | Lost mutation: Your body sometimes deteriorates upon taking damage. [potion of cure mutation]
 19281 | Spider:1 | Reached skill level 5 in Poison Magic
 19374 | Spider:1 | Noticed Kirke
 19439 | Spider:1 | Reached skill level 5 in Transmutations
 19965 | Spider:2 | Noticed Roxanne
 20023 | Spider:1 | Noticed a ghost moth
 20049 | Spider:1 | Killed a ghost moth
 20105 | Spider:1 | Noticed Nikola
 20257 | Spider:1 | tstbtto: !hs sp
 20260 | Spider:1 | beem: No games for sp (sc<1000000000).
 20271 | Spider:2 | tstbtto: !hs sp--
 20271 | Spider:2 | beem: No games for sp-- (sc<1000000000).
 20314 | Spider:2 | tstbtto: !log sp nrune=15 min=turns
 20316 | Spider:2 | beem: No games for sp (nrune=15).
 20320 | Spider:2 | tstbtto: !log * sp nrune=15 min=turns
 20323 | Spider:2 | beem: 249. Yermak, XL22 SpEn, T:26400: http://underhound.eu:81/crawl/morgue/Yermak/morgue-Yermak-20140410-181253.txt
 20510 | Spider:4 | Entered Level 4 of the Spider Nest
 20521 | Spider:4 | Reached skill level 10 in Spellcasting
 20988 | Spider:3 | Reached ****** piety under Lugonu
 20998 | Spider:3 | Gained mutation: You are very clumsy. (Dex -4) [mutagenic glow]
 21339 | Spider:3 | Reached skill level 10 in Transmutations
 21407 | Spider:4 | Reached XP level 16. HP: 63/76 MP: 13/31
 21619 | Spider:4 | Got a twitching platinum ring
 21621 | Spider:4 | Identified the ring "Ikufodee" {*Tele +Fly} (You found it on level 4 of the Spider Nest)
 22282 | Spider:4 | Reached skill level 10 in Dodging
 22323 | Spider:4 | Learned a level 1 spell: Apportation
 22369 | Spider:4 | Learned a level 8 spell: Controlled Blink
 22710 | Spider:4 | Reached skill level 5 in Shields
 22794 | Spider:4 | Got a gossamer rune of Zot
 23096 | Shoals:1 | Entered Level 1 of the Shoals
 23810 | Shoals:1 | Quit the game

Vault maps used:
D:1:      lemuel_arrival_river_passageway
D:2:      minmay_door_path, makhleb_blood_cavern_becter, old_standard_altar,
          okawaru_ov_weapons_minmay, bh_walls_and_bars, uniq_jessica,
          uniq_crazy_yiuf_cottage
D:3:      first_bread
D:4:      old_forge, kennysheep_mini, xom_confusion_cloud, serial_park_tiny_1,
          minmay_ogre_servants
D:5:      lemuel_doored_altar, gammafunk_temple_overflow_pools,
          gup_sewer_entry_bowl
D:6:      lemuel_castle_with_subvaults, uniq_eustachio
D:7:      cheibriados_altar_1, marbit_many_paths,
          nicolae_overflow_crystal_walls, serial_shops, kennysheep_mini_moat
D:8:      nicolae_ru_great_annihilating_truth
D:9:      minmay_lair_entry_lava, orc_0_dummy, serial_shops, shop, uniq_pikel
D:10:     lemuel_ice_statue, serial_glass, glass_columns_a, glass_columns_a,
          sword_in_stone
D:11:     the_bakery, uniq_maurice, uniq_sonja
D:12:     nicolae_trove_entry_crystal, serial_park_tiny_2
D:13:     serial_ice, serial_ice_n, serial_ice_b, serial_ice_d, serial_ice_f,
          portal_ice_cave_entry_pillars_1
D:14:     erik_vaults_2, grunt_dithmenos_smoke_and_mirrors
D:15:     grunt_enter_depths_hoard, fedhas_altar_3, nicolae_wwwww,
          kennysheep_crisscross
Lair:1:   minmay_holes, serial_bayou_shore_a
Lair:2:   minmay_lair_venomous_thicket, spider_nest_entry_a, grunt_megastairs_1,
          infiniplex_staircase_pool
Lair:3:   elwin_shoals_entry_rooms, beast_lair_carwin_1, uniq_prince_ribbit2
Lair:5:   uniq_rupert
Lair:6:   evilmike_catoblepas_cave, slime_altar_2, wad_woods_02,
          lemuel_fruit_fields, lemuel_fruit_fields
Shoals:1: ldierk_geyser
Shoals:2: uniq_jorgrun
Spider:1: nicolae_spider_hall_of_the_moth_king, uniq_nikola, uniq_kirke
Spider:2: uniq_roxanne
Spider:3: spider_trap
Spider:4: grunt_spider_rune_circles, spider_trap
Orc:1:    uniq_gastronok
Orc:2:    st_orc_town, uniq_saint_roka, uniq_josephine
Abyss:1:  evilmike_abyss_exit_kraken
Trove:    trove_armour_1
Sewer:    kennysheep_pipe_town
IceCv:    ice_cave_statue_garden_teleport

Skill      XL: |  1  2  3  4  5  6  7  8  9 10 11 12 13 14 15 16 |
---------------+-------------------------------------------------+-----
Stealth        | 1 3 5 6 9 12 13 15 16 19 | 19.8
Invocations    | 2 3 5 8 9 10 12 13 14 | 14.1
Spellcasting   | 1 2 4 7 10 | 10.5
Poison Magic   | 1 2 3 7 |  7.3
Air Magic      | 1 2 3 |  3.5
Conjurations   | 1 2 |  2.7
Evocations     | 10 11 12 13 | 13.3
Charms         | 5 7 |  7.0
Necromancy     | 3 |  3.9
Hexes          | 2 |  2.6
Dodging        | 9 10 | 10.6
Shields        | 4 5 |  5.1
Fighting       | 5 6 |  6.4
Short Blades   | 3 4 |  4.8
Transmutations | 10 | 10.0

Action                   |  1- 3 |  4- 6 |  7- 9 | 10-12 | 13-15 | 16-18 || total
-------------------------+-------+-------+-------+-------+-------+-------++-------
Melee: Short sword       |    48 |       |       |       |       |       ||    48
       Dagger            |    53 |   332 |   463 |   572 |  1313 |   397 ||  3130
 Fire: Blowgun           |       |     2 |     7 |       |     3 |       ||    12
Throw: Throwing net      |       |       |       |     5 |       |       ||     5
 Cast: Sting             |       |    78 |    26 |       |       |       ||   104
       Mephitic Cloud    |       |     6 |    49 |    41 |   128 |    20 ||   244
       Regeneration      |       |       |       |    12 |    17 |       ||    29
       Spectral Weapon   |       |       |       |    13 |    55 |    21 ||    89
       Alistair's Intoxi |       |       |       |       |       |    10 ||    10
Invok: Banish            |       |       |    10 |     6 |    12 |     7 ||    35
       Bend Space        |       |       |       |       |     1 |       ||     1
 Abil: Evoke Berserk Rag |       |     2 |     2 |       |       |       ||     4
       Evoke Invisibilit |       |       |       |    17 |    30 |    10 ||    57
       Turn Visible      |       |       |       |       |     2 |     2 ||     4
Evoke: Wand              |       |       |       |     2 |    27 |       ||    29
  Use: Scroll            |     2 |     8 |     8 |    13 |    17 |     1 ||    49
       Potion            |       |     1 |       |     3 |     8 |     1 ||    13
 Stab: Sleeping          |    12 |    34 |    26 |    61 |    80 |     2 ||   215
       Distracted        |       |     2 |       |     7 |    22 |     7 ||    38
       Confused          |       |     3 |    27 |    27 |    69 |    12 ||   138
       Held in net/web   |       |       |     1 |     1 |       |       ||     2
       Invisible         |       |       |       |    26 |   105 |    34 ||   165
       Petrifying        |       |       |       |       |     1 |       ||     1
       Petrified         |       |       |       |       |     2 |       ||     2
  Eat: Fruit             |       |     8 |       |       |    11 |       ||    19
       Bread ration      |       |       |     3 |     3 |     3 |     2 ||    11
       Royal jelly       |       |       |       |     1 |       |     1 ||     2
       Pizza             |       |       |       |       |     1 |       ||     1
Armor: Robe              |     8 |    29 |    55 |    87 |    81 |       ||   260
       Troll leather arm |       |       |       |       |   155 |    97 ||   252
Dodge: Dodged            |    48 |   170 |   253 |   324 |   940 |   343 ||  2078
Block: Buckler           |       |       |       |    59 |   397 |   157 ||   613
